 Dungeon Crawl Stone Soup version 0.25-a0-35-g747a2b3c0c (webtiles) character file.

Game seed: 10431310324814104329, levelgen mode: deterministic

2560 Conn the Magician (level 9, 0/55 HPs)
             Began as an Octopode Fire Elementalist on Oct 19, 2019.
             Was an Initiate of Sif Muna.
             Slain by Menkaure (22 damage)
             ... on level 7 of the Dungeon.
             The game lasted 00:23:14 (6248 turns).

Conn the Magician (Octopode Fire Elementalist)      Turns: 6248, Time: 00:23:14

Health: 0/55       AC:  1    Str:  7      XL:     9   Next: 56%
Magic:  16/20      EV: 15    Int: 19 (21) God:    Sif Muna [......]
Gold:   402        SH:  0    Dex: 12      Spells: 6/22 levels left

rFire    . . .     SeeInvis .   i - +1 dagger
rCold    + . .     Gourm    .   (no shield)
rNeg     . . .     Faith    .   (helmet restricted)
rPois    .         Spirit   .   k - amulet of regeneration
rElec    .         Reflect  .   l - ring of flight
rCorr    .         Harm     .   w - ring of protection from cold
MR       .....                  (no ring)
Stlth    ++++......             (no ring)
HPRegen  0.58/turn              (no ring)
MPRegen  0.17/turn              (no ring)
                                (no ring)
                                (no ring)

@: lethally poisoned (0 -> 0), very slightly contaminated
A: almost no armour, stealthy swim, amphibious, 8 rings, constrict 8, camouflage
1, gelatinous body 1
a: Renounce Religion, Evoke Flight


You were on level 7 of the Dungeon.
You worshipped Sif Muna.
Sif Muna was noncommittal.
You were not hungry.

You visited 1 branch of the dungeon, and saw 7 of its levels.
You also visited: Sewer.

You collected 402 gold pieces.

Inventory:

Hand Weapons
 i - a +1 dagger (weapon)
 s - a cursed -2 fustibalus
Missiles
 z - a throwing net (quivered)
Jewellery
 k - an amulet of regeneration (around mantle)
 l - a ring of flight (left tentacle)
 w - a ring of protection from cold (right tentacle)
Wands
 r - a wand of paralysis (4)
 x - a wand of digging (2)
 y - a wand of acid (6)
 A - a wand of flame (21)
 D - a wand of iceblast (8)
Scrolls
 c - 3 scrolls of immolation
 f - a scroll of enchant armour
 g - 5 scrolls of teleportation
 h - 8 scrolls of identify
 m - a scroll of enchant weapon
 n - a scroll of amnesia
 t - 5 scrolls of blinking
 u - 2 scrolls of magic mapping
 v - 2 scrolls of fog
Potions
 a - 7 potions of curing
 d - 3 potions of might
 e - 2 potions of brilliance
 p - 3 potions of magic
 B - a potion of flight
 C - a potion of resistance
Comestibles
 b - 15 rations
 q - 10 chunks of flesh


   Skills:
 + Level 2.5 Fighting
 + Level 2.3 Short Blades
 + Level 4.1 Dodging
 - Level 6.0 Stealth
 - Level 0.8 Unarmed Combat
 * Level 7.3 Spellcasting
 * Level 5.9 Conjurations
 + Level 0.2 Hexes
 + Level 5.4 Fire Magic


You had 6 spell levels left.
You knew the following spells:

 Your Spells              Type           Power        Failure   Level  Hunger
a - Flame Tongue          Conj/Fire      ####.        1%          1    None
b - Conjure Flame         Conj/Fire      ####....     2%          3    #......
c - Inner Flame           Hex/Fire       ###.....     9%          3    #......
d - Sticky Flame          Conj/Fire      ####....     10%         4    ###....
e - Fireball              Conj/Fire      ####......   26%         5    #####..

Your spell library contained the following spells:

 Spells                   Type           Power        Failure   Level  Hunger
 Throw Flame              Conj/Fire      ####..       1%          2    None
 Corona                   Hex            #......      9%          1    None
 Dazzling Spray           Conj/Hex       ###...       9%          3    #......
 Ensorcelled Hibernation  Hex/Ice        #.....       14%         2    None
 Confuse                  Hex            #.......     26%         3    #......
 Tukima's Dance           Hex            #.......     26%         3    #......


Dungeon Overview and Level Annotations

Branches:
Dungeon (7/15)             Temple (0/1) D:7           Sewer (visited)

Altars:
Cheibriados
Nemelex Xobeh
Sif Muna
Yredelemnul

Annotations:
D:7 Menkaure


Innate Abilities, Weirdness & Mutations

You cannot wear most types of armour.
You are very stealthy in the water. (Stealth+)
You are amphibious.
You can wear up to eight rings at the same time.
You can use your tentacles to constrict eight enemies at once.
Your skin changes colour to match your surroundings (Stealth+).
Your rubbery body absorbs attacks. (AC +1, EV +1)


Message History

You hit the quokka. Your grab misses the quokka.
Your squeeze misses the quokka.
The quokka is moderately wounded.
The quokka completely misses you.
Menkaure calls on the powers of darkness!
The quokka convulses!
Your body is wracked with pain!
You hit the quokka but do no damage. Your grab misses the quokka.
You squeeze the quokka.
You kill the quokka!
Sif Muna accepts your kill.
You feel sick.
Casting: Flame Tongue (safe; 1% risk of failure)
Confirm with . or Enter, or press ? or * to list all spells.
Aiming: Sticky Flame (safe; 10% risk of failure)
Press: ? - help, Shift-Dir - straight line, f - Menkaure
Aim: Menkaure (fast)
The sticky flame hits Menkaure.
Menkaure is burned terribly!
Menkaure is lightly damaged.
Menkaure is covered in liquid flames!
Menkaure burns!
Menkaure hits you!!
You die...

***##**,**<.....**#..,,**,,**,,,,
≈≈≈#.####*......,,..#,,*,,,,***,,
≈≈≈#....#*,....o#,..#,,,.,*** *,,
≈≈≈#...####.....##..**,..,*** *,,
≈≈≈#....##..##.o#..###...,,,* *,,
≈≈≈#.)[[.................,,****,,
≈≈≈#.........##..........,,,,*,,*
≈≈≈#.......######M.......,,,,,,,,
≈≈≈#...#..#.#..#@#.......,,,,,,,,
≈≈≈#...#..##§##.##.......,,,,,,,,
≈≈≈#.....##§#(.#.##......,,,>,,,,
≈≈≈#.#..)##§#..#.#*M.####,,,,,,,,
####.##...##.##§##,..# **,,,,,,,
...<.##...#.#§§#.#...# ***,,,,,,,
...........######...## *,,,,,,*,*
.............##.....#* *,,,,,****
.....................#**,,,,**,,,


You could see Menkaure (burning).

Vanquished Creatures
  Grinder (D:4)
  Sigmund (D:5)
  Eustachio (D:4)
  Duvessa (D:4)
  An ice beast (D:6)
  A sky beast (D:4)
  3 phantoms
  2 ogres (D:5)
  4 centaurs
  2 bullfrogs (Sewer)
  Dowan (D:4)
  A wyvern zombie (D:6)
  A scorpion (D:3)
  A howler monkey (D:5)
  A crimson imp (D:5)
  A hound (D:4)
  2 jellies
  An orc priest (D:7)
  A centaur skeleton (D:5)
  A human skeleton (D:2)
  Jessica (D:2)
  An iguana (D:6)
  An orc wizard (D:3)
  3 worker ants
  A hound zombie (D:5)
  2 worker ant zombies
  5 river rats (Sewer)
  14 adders
  2 shadow imps (D:5)
  2 oozes (Sewer)
  2 adder zombies
  3 worms
  11 orcs
  12 ball pythons
  11 bats
  5 giant cockroaches
  5 goblins
  7 hobgoblins
  9 jackals
  10 kobolds
  A quokka (D:7)
  A ball python zombie (D:5)
  9 frilled lizards
  A leopard gecko skeleton (D:5)
  A leopard gecko zombie (D:6)
  26 rats
174 creatures vanquished.

Notes
Turn   | Place    | Note
-------+----------+-------------------------------------------
     0 | D:1      | Conn the Octopode Fire Elementalist began the quest for the
                  | Orb.
     0 | D:1      | Reached XP level 1. HP: 11/11 MP: 3/3
    77 | D:1      | Reached XP level 2. HP: 11/17 MP: 5/5
   612 | D:1      | Reached XP level 3. HP: 14/21 MP: 0/6
  1233 | D:2      | Noticed Jessica
  1242 | D:2      | Killed Jessica
  1274 | D:2      | Reached XP level 4. HP: 24/27 MP: 7/7
  1348 | D:2      | Noticed a human
  1350 | D:2      | Found a runed translucent door.
  1386 | D:2      | Found a basalt altar of Yredelemnul.
  1404 | D:2      | Learned a level 3 spell: Conjure Flame
  1408 | D:2      | Learned a level 3 spell: Inner Flame
  1566 | D:3      | Reached XP level 5. HP: 17/32 MP: 6/9
  1652 | D:3      | Reached skill level 1 in Short Blades
  1652 | D:3      | Reached skill level 3 in Spellcasting
  1761 | D:3      | Found a glowing drain.
  1775 | Sewer    | Entered a sewer
  1892 | Sewer    | Reached XP level 6. HP: 37/37 MP: 8/10
  2333 | Sewer    | Reached XP level 7. HP: 35/42 MP: 4/12
  2554 | D:3      | Reached skill level 4 in Spellcasting
  2995 | D:3      | Found a snail-covered altar of Cheibriados.
  3290 | D:4      | Noticed Grinder
  3290 | D:4      | Paralysed by Grinder for 5 turns
  3318 | D:4      | Killed Grinder
  3318 | D:4      | Reached skill level 5 in Stealth
  3505 | D:4      | Reached skill level 1 in Fighting
  3635 | D:4      | Reached XP level 8. HP: 48/48 MP: 15/15
  3691 | D:4      | Noticed Duvessa
  3691 | D:4      | Noticed Dowan
  3693 | D:4      | Noticed Eustachio
  3703 | D:4      | Killed Duvessa
  3703 | D:4      | Reached skill level 5 in Spellcasting
  3724 | D:4      | Killed Eustachio
  3725 | D:4      | Killed Dowan
  4293 | D:5      | Entered Level 5 of the Dungeon
  4397 | D:5      | Noticed Sigmund
  4403 | D:5      | Killed Sigmund
  4403 | D:5      | Reached skill level 6 in Spellcasting
  4837 | D:5      | Found a sparkling altar of Nemelex Xobeh.
  4861 | D:5      | Reached skill level 5 in Fire Magic
  4932 | D:5      | Reached skill level 5 in Conjurations
  4932 | D:5      | Reached XP level 9. HP: 33/54 MP: 15/18
  4973 | D:5      | Learned a level 4 spell: Sticky Flame
  4979 | D:5      | Learned a level 5 spell: Fireball
  5329 | D:5      | Found a shimmering blue altar of Sif Muna.
  5337 | D:5      | Became a worshipper of Sif Muna the Loreminder
  5661 | D:6      | HP: 1/55 [wyvern zombie (15)]
  5665 | D:6      | Reached skill level 7 in Spellcasting
  6219 | D:7      | Noticed Menkaure
  6248 | D:7      | Slain by Menkaure

Levels and vault maps discovered:
D:1:      denvon_arrival_planthouse, layout_loops_ring
D:2:      layout_basic, first_ration, dk_yredelemnul_ordeal, uniq_jessica
D:3:      layout_basic, cheibriados_altar_1, portal_sewer_entry_d, serial_bayou,
          serial_bayou_crossing, serial_bayou_pond_e, serial_bayou_ford_a,
          serial_bayou_shore_b
D:4:      layout_basic, minivault_4, uniq_duvessa, uniq_eustachio, uniq_grinder
D:5:      layout_gridville, grunt_temple_overflow_open, uniq_sigmund
D:6:      layout_basic
D:7:      layout_cave_pools, minmay_temple_entry_poolview,
          chequers_serial_rivers_large_a, minivault_22, grunt_ogre_cave,
          kennysheep_potato, uniq_harold, uniq_menkaure

Skill      XL: |  1  2  3  4  5  6  7  8  9 |
---------------+----------------------------+-----
Stealth        | 3 4 5 6 |  6.0
Short Blades   | 1 2 |  2.3
Spellcasting   | 3 4 6 7 |  7.3
Conjurations   | 2 4 5 |  5.9
Fire Magic     | 4 5 |  5.4
Fighting       | 1 2 |  2.5
Dodging        | 3 4 |  4.1
Unarmed Combat | |  0.8
Hexes          | |  0.2

Action                   |  1- 3 |  4- 6 |  7- 9 || total
-------------------------+-------+-------+-------++-------
Melee: Unarmed           |    35 |       |       ||    35
       Constrict         |    14 |     7 |    25 ||    46
       Tentacles         |     7 |     8 |    29 ||    44
       Dagger            |    15 |    35 |   138 ||   188
       Punch             |       |     1 |       ||     1
 Cast: Flame Tongue      |    25 |    65 |   146 ||   236
       Conjure Flame     |       |     2 |     4 ||     6
       Inner Flame       |       |       |     1 ||     1
       Sticky Flame      |       |       |     5 ||     5
Evoke: Wand              |       |       |     1 ||     1
  Use: Potion            |     2 |       |     9 ||    11
       Scroll            |       |       |    11 ||    11
 Stab: Sleeping          |     3 |     7 |    16 ||    26
  Eat: Chunk             |     1 |     3 |    14 ||    18
Armor: Skin              |     6 |    10 |    11 ||    27
Dodge: Dodged            |    48 |    39 |   146 ||   233

Table legend:
 A = Non-vault XP
 B = Vault XP
 C = Vault XP percentage of total XP
 D = Non-vault monster count
 E = Vault monster count
 F = Vault count percentage of total count
                 A         B        C        D         E       F
            +---------+---------+-------+---------+---------+-------
      Total |    2293 |    1365 |  37.3 |     118 |      56 |  32.2
            +---------+---------+-------+---------+---------+-------
        D:1 |      38 |       0 |   0.0 |      23 |       0 |   0.0
        D:2 |      29 |      75 |  72.1 |      11 |       2 |  15.4
        D:3 |     212 |      14 |   6.2 |      29 |       1 |   3.3
        D:4 |     367 |     720 |  66.2 |      10 |       4 |  28.6
        D:5 |     846 |     212 |  20.0 |      24 |       1 |   4.0
        D:6 |     666 |       0 |   0.0 |      11 |       0 |   0.0
        D:7 |     135 |       0 |   0.0 |      10 |       0 |   0.0
      Sewer |       0 |     344 | 100.0 |       0 |      48 | 100.0
            +---------+---------+-------+---------+---------+-------
